 Dungeon Crawl Stone Soup version 0.30.1-11-g7821555f0a (webtiles) character file.

Game seed: 2064170180567501499

323 Okkudo the Chopper (level 6, -1/57 HPs)
             Began as a Hill Orc Monk on Dec 7, 2023.
             Slain by Crazy Yiuf
             ... wielding a +3 quarterstaff of chaos
              (10 damage)
             ... on level 4 of the Dungeon.
             The game lasted 00:07:18 (2642 turns).

Okkudo the Chopper (Hill Orc Monk)                  Turns: 2642, Time: 00:07:19

Health: -1/57      AC: 10    Str: 16    XL:     6   Next: 47%
Magic:  6/6        EV: 12    Int: 10    God:
Gold:   169        SH:  0    Dex: 13    Spells: 5/5 levels left

rFire   . . .        f - +0 war axe
rCold   . . .        d - orb {light}
rNeg    . . .        b - +0 acid dragon scales
rPois   .            k - +2 helmet
rElec   .            (no cloak)
rCorr   +            j - +0 pair of gloves
SInv    +            (no boots)
Will    .....        (no amulet) Stlth
                     e - ring of see invisible
HPRegen 0.29/turn    (no ring)
MPRegen 0.10/turn

%: no passive effects
@: confused, mighty, lethally poisoned (-1 -> -12), ambrosia-drunk, glowing
A: no striking features
a: no special abilities


You were on level 4 of the Dungeon.
You visited 1 branch of the dungeon, and saw 4 of its levels.

You collected 193 gold pieces.
You spent 24 gold pieces at shops.

Inventory:

Hand Weapons
 f - a +0 war axe (weapon)
 u - a +4 trident of flaming
Missiles
 m - a throwing net
 t - 3 poisoned darts (quivered)
Armour
 b - +0 acid dragon scales (worn)
 d - an orb of light (worn)
 j - a +0 pair of gloves (worn)
 k - a +2 helmet (worn)
Jewellery
 e - a ring of see invisible (left hand)
 o - a ring of magical power
Wands
 p - a wand of flame (7)
Scrolls
 g - 2 scrolls of identify
 n - 3 scrolls of teleportation
 q - a scroll of fear {unknown}
 r - a scroll of blinking {unknown}
 s - a scroll of poison {unknown}
 w - a scroll of vulnerability {unknown}
Potions
 a - a potion of attraction {unknown}
 i - a potion of magic {unknown}
 l - a potion of cancellation {unknown}
 v - a potion of curing {unknown}


   Skills:
 + Level 5.7 Fighting
 + Level 6.2 Axes
 + Level 3.9 Dodging


You had 5 spell levels left.
You didn't know any spells.
Your spell library contained the following spells:

 Spells                   Type           Power      Damage    Failure   Level
 Animate Dead             Necr           0%         N/A       99%         4
 Haunt                    Necr/Summ      0%         N/A       100%        7
 Infestation              Necr           0%         N/A       100%        8


Dungeon Overview and Level Annotations

Branches:
Dungeon (4/15)             Temple (0/1) D:4

Altars:

Shops:
D:1 ?

Annotations:
D:4 Crazy Yiuf


Message History

You hit Crazy Yiuf.
Crazy Yiuf is heavily wounded.
Crazy Yiuf hits you but does no damage.
You hit Crazy Yiuf.
Crazy Yiuf is severely wounded.
Crazy Yiuf hits you with a +3 quarterstaff of chaos!
You hit Crazy Yiuf.
Crazy Yiuf is almost dead.
Crazy Yiuf hits you with a +3 quarterstaff of chaos.
Crazy Yiuf freezes you. Crazy Yiuf misses you.
You hit Crazy Yiuf but do no damage.
Crazy Yiuf is almost dead.
Crazy Yiuf grits, "Castle snockshim mumblescurry!"
Crazy Yiuf hits you with a +3 quarterstaff of chaos!
Crazy Yiuf burns you.
* * * LOW HITPOINT WARNING * * *
You are confused.
You feel invigorated. Crazy Yiuf closely misses you.
You bump into the rock wall.
Crazy Yiuf closely misses you.
You bump into the stone wall.
Crazy Yiuf hits you with a +3 quarterstaff of chaos!
Crazy Yiuf freezes you.
* * * LOW HITPOINT WARNING * * *
You closely miss Crazy Yiuf.
Crazy Yiuf is almost dead.
Crazy Yiuf closely misses you.
You're too confused to move!
Crazy Yiuf hits you with a +3 quarterstaff of chaos!!
* * * LOW HITPOINT WARNING * * *
You are lethally poisoned!
You feel very mighty all of a sudden.
* * * LOW HITPOINT WARNING * * *
You feel very sick. Crazy Yiuf barely misses you.
You bump into the rock wall.
* * * LOW HITPOINT WARNING * * *
You feel very sick.
Crazy Yiuf says, "Powder disdain head!"
Crazy Yiuf hits you with a +3 quarterstaff of chaos!
You die...

######## ##....#.### ###
##....#.#..##...# ### #
#......####@g...# #.. .#
#.....## ###..)# #.###.#
#..#### ### #..P.# ##.#
#.~~P## #.# ####.P~P#. #.##
########### #....~PP.#
#..###.........#####..♣♣..#
##.............).....#.....
#####.........#.#####.##.#


You could see Crazy Yiuf (strong).

Vanquished Creatures
  A black bear (D:4)
  A phantom (D:4)
  Robin (D:2)
  5 adders
  3 gnolls (D:3)
  A dart slug (D:1)
  4 bats
  5 endoplasms
  7 giant cockroaches
  9 goblins
  8 hobgoblins
  4 jackals (D:4)
  8 kobolds
  2 quokkas
  3 ball pythons
  2 frilled lizards
  5 rats
69 creatures vanquished.

Notes
Turn   | Place    | Note
-------+----------+-------------------------------------------
     0 | D:1      | Okkudo the Hill Orc Monk began the quest for the Orb.
     0 | D:1      | Reached XP level 1. HP: 19/19 MP: 1/1
    72 | D:1      | Reached XP level 2. HP: 25/27 MP: 2/2
   281 | D:1      | Found Lomm's Magic Scroll Emporium.
   286 | D:1      | Bought a scroll of identify for 24 gold pieces
   500 | D:1      | Reached XP level 3. HP: 33/33 MP: 3/3
   824 | D:2      | Noticed Robin
   835 | D:2      | Killed Robin
   838 | D:2      | Reached XP level 4. HP: 28/41 MP: 4/4
  1016 | D:2      | Reached skill level 5 in Axes
  1896 | D:3      | Reached XP level 5. HP: 44/47 MP: 5/5
  2306 | D:4      | Found a staircase to the Ecumenical Temple.
  2439 | D:4      | Noticed a phantom
  2450 | D:4      | Killed a phantom
  2451 | D:4      | Reached skill level 5 in Fighting
  2454 | D:4      | Reached XP level 6. HP: 43/56 MP: 6/6
  2528 | D:4      | Noticed a black bear
  2538 | D:4      | Killed a black bear
  2539 | D:4      | Reached skill level 6 in Axes
  2622 | D:4      | Found a runed translucent door.
  2623 | D:4      | Noticed Crazy Yiuf
  2642 | D:4      | Slain by Crazy Yiuf

Illustrated notes

Levels and vault maps discovered:
D:1:      minmay_arrival_hallway, layout_rooms, serial_shops,
          nicolae_shop_hallway_stairs
D:2:      minmay_angry_zag, layout_loops_ring, uniq_robin
D:3:      layout_basic, minmay_checkerbox
D:4:      layout_loops_ring, minitemple, minmay_temple_entry_enclosed_plants,
          serial_bayou_pond_e, uniq_crazy_yiuf_cottage

Skill      XL: |  1  2  3  4  5  6 |
---------------+-------------------+-----
Fighting       | 4 5 |  5.7
Dodging        | 3 |  3.9
Axes           | 5 6 |  6.2

Action                     |  1- 3 |  4- 6 || total
---------------------------+-------+-------++-------
  Melee: Hand axe          |    44 |       ||    44
         War axe           |    61 |    88 ||   149
  Throw: Dart              |       |     3 ||     3
  Evoke: Wand              |       |     1 ||     1
    Use: Scroll            |       |     1 ||     1
         Potion            |       |     2 ||     2
 Armour: Robe              |    12 |       ||    12
         Acid dragon scale |    14 |    52 ||    66
         Scale mail        |     3 |       ||     3
  Dodge: Dodged            |    62 |    75 ||   137
